 Dungeon Crawl Stone Soup version 0.13.0-26-gf7ffa3a (webtiles) character file.

466 Lilouch the Magician (level 6, -11/37 (39) HPs)
             Began as a Mummy Wizard on Nov 1, 2013.
             Was a Follower of Nemelex Xobeh.
             Killed by a card of wild magic (47 damage)
             ... on Level 4 of the Dungeon.
             The game lasted 00:30:06 (5405 turns).

Lilouch the Magician (Mummy Wizard)                 Turns: 5405, Time: 00:30:06

HP -11/37 (39)   AC  2     Str  7 (8)  XL: 6   Next: 18%
MP  17/17        EV 12     Int 26      God: Nemelex Xobeh [*.....]
Gold 154         SH  0     Dex 10      Spells:  2 memorised, 10 levels left

Res.Fire  : . . .   See Invis. : .   m - ornate deck of wonders {drawn: 10}
Res.Cold  : . . .   Warding    : .   l - +0 orc robe (curse)
Life Prot.: + + +   Conserve   : .   (no shield)
Res.Poison: +       Res.Corr.  : .   b - +0 wizard hat
Res.Elec. : .       Clarity    : .   (no cloak)
Sust.Abil.: . .     Spirit.Shd : .   (no gloves)
Res.Mut.  : .       Stasis     : .   (no boots)
Res.Rott. : +       Flight     : .   (no amulet)
Saprovore : . . .                    (no ring)
                                     a - ring of fire

@: brilliant, sage [Dodging], slowed, very slow, somewhat resistant to hostile
enchantments, unstealthy
A: no food or potions, fire vulnerability, restore body, cold resistance 1, life
protection 3, poison resistance, torment resistance, unbreathing
a: Draw One, Renounce Religion


You were on level 4 of the Dungeon.
You worshipped Nemelex Xobeh.
Nemelex Xobeh was aware of your devotion.
You were not hungry.

You visited 1 branch of the dungeon, and saw 4 of its levels.

You collected 134 gold pieces.

Inventory:

Hand weapons
 s - a +0,+0 hammer
Missiles
 n - 3 steel darts (quivered)
Armour
 b - a +0 wizard hat (worn)
 d - a +0 elven ring mail
 h - a +0 robe of positive energy
 l - a cursed +0 orcish robe (worn)
 r - a +0 cloak
Magical devices
 k - a wand of polymorph (12) {unknown}
 p - a wand of flame (7)
Scrolls
 e - a scroll of enchant armour
 f - 2 scrolls of fog
 g - a scroll of identify
 i - 2 scrolls of fear
 j - 3 scrolls of magic mapping
 o - a scroll of teleportation {unknown}
Jewellery
 a - a ring of fire (left hand)
Books
 c - a book of Minor Magic

   Spells                             Type                      Level
   *Magic Dart                        Conjuration                  1
   Blink                              Translocation                2
   Call Imp                           Summoning                    2
   Repel Missiles                     Charms/Air                   2
   Slow                               Hexes                        2
   Conjure Flame                      Conjuration/Fire             3
   *Mephitic Cloud                    Conjuration/Poison/Air       3
Miscellaneous
 m - an ornate deck of wonders {drawn: 10} (in hand)


   Skills:
 - Level 1.5 Dodging
 - Level 1.5 Stealth
 + Level 4.7 Spellcasting
 + Level 3.6 Conjurations
   Level 0.7 Summonings
   Level 0.7 Translocations
 - Level 0.2 Air Magic
   Level 0.4 Earth Magic


You had 10 spell levels left.
You knew the following spells:

 Your Spells              Type           Power        Failure   Level  Hunger
a - Magic Dart            Conj           ####         1%          1    N/A
b - Mephitic Cloud        Conj/Pois/Air  ####....     1%          3    N/A

Dungeon Overview and Level Annotations

Branches:
Dungeon (4/27)
 Temple: D:4-7

Altars:
Ashenzari
Nemelex Xobeh
Vehumet
Yredelemnul
Zin


Innate Abilities, Weirdness & Mutations

You do not eat or drink.
Your flesh is vulnerable to fire.
Your flesh is cold resistant.
You are immune to negative energy.
Your system is resistant to poisons.
You are immune to unholy pain and torment.
You can survive without breathing.


Message History

You start waiting.
Done waiting.
Welcome back, Lilouch the Mummy Wizard.
Nemelex Xobeh says: It's all in the cards!
Press ? for a list of commands and other information.
You draw a card...
It is the Sage.
You feel studious about Dodging.
You draw a card...
It is the Helix.
Your body decomposes!
You feel weakened.
You draw a card...
It is the Helix.
Your body decomposes!
You draw a card...
It is the Potion.
You feel more clever all of a sudden.
You draw a card...
It is the Potion.
You feel yourself slow down.
You draw a card...
It is Wild Magic.
There is a sudden and violent explosion of flames!
The fireball engulfs you!
Ouch! That really hurt!
You die...
Your body glows slightly and disappears.

. #. #.###
#...! #...
#... #..#
#..####..#
#.......@#
#........#
>####...#
#...#
#...#
#...#
#...#
#.?.# ..#


There were no monsters in sight!

Vanquished Creatures
  An ogre (D:3)
  Crazy Yiuf (D:4)
  A hound skeleton (D:4)
  7 adders
  2 giant mites
  3 worms
  An adder skeleton (D:4)
  2 oozes
  2 orcs (D:3)
  3 ball pythons
  15 bats
  4 giant cockroaches
  5 goblins
  8 hobgoblins
  5 jackals
  3 giant geckos
  4 giant newts
  8 kobolds
  9 rats
84 creatures vanquished.

Notes
Turn   | Place    | Note
--------------------------------------------------------------
     0 | D:1      | Lilouch, the Mummy Wizard, began the quest for the Orb.
     0 | D:1      | Reached XP level 1. HP: 11/11 MP: 5/5
    62 | D:1      | Reached skill level 1 in Conjurations
   734 | D:1      | Reached XP level 2. HP: 17/17 MP: 4/7
  1675 | D:1      | Reached XP level 3. HP: 20/22 MP: 0/9
  2150 | D:2      | Reached XP level 4. HP: 28/28 MP: 2/11
  2220 | D:2      | Found a glowing silver altar of Zin.
  2551 | D:2      | Found a radiant altar of Vehumet.
  2551 | D:2      | Found a sparkling altar of Nemelex Xobeh.
  2557 | D:2      | Became a worshipper of Nemelex Xobeh
  2571 | D:2      | Learned a level 3 spell: Mephitic Cloud
  2582 | D:2      | Received a gift from Nemelex Xobeh
  3409 | D:2      | Reached skill level 4 in Spellcasting
  3620 | D:3      | Found a shattered altar of Ashenzari.
  3787 | D:3      | Reached XP level 5. HP: 33/33 MP: 8/14
  4011 | D:3      | Acquired Nemelex Xobeh's first power
  4015 | D:3      | Found a basalt altar of Yredelemnul.
  4232 | D:3      | Noticed an ogre
  4246 | D:3      | Killed an ogre
  4660 | D:3      | Reached XP level 6. HP: 39/39 MP: 13/17
  4834 | D:4      | Noticed a hippogriff
  5071 | D:4      | Noticed Crazy Yiuf
  5084 | D:4      | Killed Crazy Yiuf
  5097 | D:4      | Received a gift from Nemelex Xobeh
  5405 | D:4      | Killed by a card of wild magic

Action                   |  1- 3 |  4- 6 || total
-------------------------+-------+-------++-------
Melee: Club              |    10 |       ||    10
       Whip              |    14 |    18 ||    32
       Dagger            |     1 |       ||     1
 Cast: Magic Dart        |    88 |   181 ||   269
       Mephitic Cloud    |       |     4 ||     4
Evoke: Deck              |       |    15 ||    15
  Use: Scroll            |       |     5 ||     5
